 Dungeon Crawl Stone Soup version 0.24.0-13-gcf9b319 (webtiles) character file.

Game seed: 9610765973684148648, levelgen mode: deterministic

9592 Balder the Basher (level 11, -8/83 HPs)
             Began as a Human Berserker on Apr 23, 2020.
             Was an Elder of Trog.
             Mangled by a komodo dragon (19 damage)
             ... on level 2 of the Lair of Beasts.
             The game lasted 01:08:08 (13850 turns).

Balder the Basher (Human Berserker)                Turns: 13850, Time: 01:08:09

Health: -8/83      AC: 19    Str: 19    XL:     11   Next: 77%
Magic:  14/14      EV:  9    Int:  7    God:    Trog [****..]
Gold:   311        SH:  8    Dex: 18    Spells: 10/10 levels left

rFire    . . .     SeeInvis .   a - +4 morningstar
rCold    . . .     Gourm    .   s - +2 buckler
rNeg     . . .     Faith    .   D - +4 plate armour
rPois    .         Spirit   .   (no helmet)
rElec    .         Reflect  .   N - +0 cloak
rCorr    .         Harm     .   l - +0 pair of gloves
MR       ++...                  (no boots)
Stlth    ..........             (no amulet)
HPRegen  1.23/turn              y - ring of stealth
MPRegen  0.14/turn              C - +3 ring of dexterity

@: regenerating
A: no striking features
a: Berserk, Trog's Hand, Brothers in Arms, Renounce Religion


You were on level 2 of the Lair of Beasts.
You worshipped Trog.
Trog was greatly pleased with you.
You were very hungry.

You visited 2 branches of the dungeon, and saw 11 of its levels.

You collected 548 gold pieces.
You spent 237 gold pieces at shops.

Inventory:

Hand Weapons
 a - a +4 morningstar (weapon)
 b - a +0 hunting sling
 p - a +1 short sword of draining
 v - a +2 trident of flaming
 w - a +2 morningstar
 B - a +0 mace
Missiles
 n - 24 sling bullets
 q - 46 poisoned darts
 H - 8 boomerangs (quivered)
Armour
 l - a +0 pair of gloves (worn)
 s - a +2 buckler (worn)
 D - a +4 plate armour (worn)
 N - a +0 cloak (worn)
Jewellery
 y - a ring of stealth (left hand)
 C - a +3 ring of dexterity (right hand)
Wands
 e - a wand of random effects (22)
 j - a wand of flame (12)
 A - a wand of disintegration (7)
 E - a wand of paralysis (3)
 F - a wand of acid (7)
 J - a wand of digging (5)
Scrolls
 d - 3 scrolls of remove curse
 f - 4 scrolls of magic mapping
 i - 2 scrolls of identify
 k - 7 scrolls of teleportation
 m - a scroll of summoning {unknown}
 o - 2 scrolls of immolation {unknown}
 z - a scroll of fog {unknown}
 G - 2 scrolls of noise {unknown}
 K - a scroll of blinking {unknown}
 M - a scroll of enchant weapon
 O - a scroll of silence {unknown}
Potions
 g - a potion of mutation {unknown}
 t - a potion of might {unknown}
 u - 2 potions of invisibility {unknown}
 x - 2 potions of heal wounds
 I - a potion of haste
 L - 2 potions of degeneration {unknown}
Comestibles
 c - 20 rations
 h - 6 chunks of flesh


   Skills:
 * Level 6.7 Fighting
 * Level 9.9(10.1) Maces & Flails
   Level 3.6(7.3) Staves
 - Level 4.2(4.7) Slings
 * Level 3.1(4.2) Throwing
 * Level 6.7 Armour
 * Level 5.5 Dodging
 * Level 5.6 Stealth
 * Level 4.5 Shields
 * Level 4.8 Evocations


You had 10 spell levels left.
You didn't know any spells.
Your spell library contained the following spells:

 Spells                   Type           Power        Failure   Level  Hunger
 Infusion                 Chrm           #...         100%        1    ##.....
 Shroud of Golubria       Chrm/Tloc      #.....       100%        2    ###....
 Song of Slaying          Chrm           #.......     100%        2    ###....
 Regeneration             Chrm/Necr      #.........   100%        3    ####...
 Spectral Weapon          Hex/Chrm       #.......     100%        3    ####...


Dungeon Overview and Level Annotations

Branches:
Dungeon (9/15)             Temple (0/1) D:4            Lair (2/6) D:9
 Spider (0/4) Lair:2
  Swamp: Lair:2-4    Shoals: Lair:2-4       Orc: D:9-12

Altars:
Ashenzari
Cheibriados
Dithmenos
Elyvilon
Fedhas
Hepliaklqana
Kikubaaqudgha
Nemelex Xobeh
Qazlal
Trog
Uskayaw
Vehumet
Wu Jian
Zin
The Shining One

Shops:
D:5 =   D:6 *(?*=   D:7 (   D:9 ?

Annotations:
D:4 3 runed translucent doors, jpaulson's ghost, amateur GrEE


Message History

You puncture the giant cockroach!
You kill the giant cockroach!
Trog accepts your kill.
The blink frog blinks!
The komodo dragon hisses menacingly.
You hit the komodo dragon.
The komodo dragon is lightly wounded.
The komodo dragon bites you!
* * * LOW HITPOINT WARNING * * *
The blink frog hits you but does no damage.
You hit the komodo dragon but do no damage.
The komodo dragon is lightly wounded.
The blink frog closely misses you.
The komodo dragon completely misses you.
You impale the komodo dragon!!
The komodo dragon is heavily wounded.
The blink frog hits you.
* * * LOW HITPOINT WARNING * * *
The blink frog blinks!
The komodo dragon bites you!!
You die...

### ## ## ######@##
#P# .
#.###P##FF#l##...
..##....$.....FFF...
....................
..........รท..........
......F..............
.....................
.....................
....................


You could see a komodo dragon and 6 blink frogs.

Vanquished Creatures
  Pikel (D:4)
  Joseph (D:7)
  2 spiny frogs (Lair:2)
  A polar bear (Lair:2)
  2 hornets
  A hippogriff (Lair:2)
  Eustachio (D:4)
  3 yaks (Lair:1)
  3 wargs (D:9)
  Menkaure (D:4)
  4 water moccasins
  2 porcupines
  2 ice beasts
  2 sky beasts
  A black bear (D:7)
  3 slaves (D:4)
  7 orc warriors
  7 ogres
  A phantom (D:8)
  4 centaurs (D:8)
  5 wolves (Lair:2)
  2 crocodiles (Lair:1)
  2 big kobolds
  6 bullfrogs
  2 scorpions
  5 killer bees
  5 wights (D:8)
  6 crimson imps
  A centaur zombie (D:8)
  2 quasits (D:5)
  13 orc priests
  3 bullfrog skeletons
  A hound (D:8)
  A jelly (D:9)
  12 orc wizards
  5 gnoll shamans (D:8)
  Jessica (D:2)
  3 iguanas
  8 worker ants
  A killer bee zombie (D:6)
  A hound zombie (D:9)
  A hound skeleton (D:6)
  2 worker ant zombies
  20 gnolls
  8 adders
  A howler monkey skeleton (D:4)
  3 shadow imps
  2 adder zombies
  An adder skeleton (D:9)
  4 worms
  3 dart slugs
  2 leopard geckos
  41 orcs
  8 giant cockroaches
  9 goblins
  4 hobgoblins
  3 jackals (D:1)
  4 quokkas
  6 bats
  4 frilled lizards
  A jackal skeleton (D:6)
  8 kobolds
  A quokka skeleton (D:4)
  7 rats
277 creatures vanquished.

Vanquished Creatures (others)
  2 fungi (D:8)
  12 plants (D:8)
14 creatures vanquished.

Grand Total: 291 creatures vanquished

Notes
Turn   | Place    | Note
-------+----------+-------------------------------------------
     0 | D:1      | Balder the Human Berserker began the quest for the Orb.
     0 | D:1      | Reached XP level 1. HP: 18/18 MP: 1/1
   419 | D:1      | Reached XP level 2. HP: 20/24 MP: 2/2
   884 | D:1      | Reached XP level 3. HP: 28/29 MP: 3/3
  1378 | D:2      | Noticed Jessica
  1383 | D:2      | Killed Jessica
  1383 | D:2      | Reached skill level 1 in Stealth
  1383 | D:2      | Reached XP level 4. HP: 35/35 MP: 4/4
  1534 | D:2      | Reached ** piety under Trog
  2157 | D:2      | Found an ornate altar of the Wu Jian Council.
  2181 | D:2      | Reached skill level 1 in Throwing
  2322 | D:2      | Reached skill level 4 in Maces & Flails
  2669 | D:3      | Reached XP level 5. HP: 31/41 MP: 5/5
  2996 | D:3      | Found a radiant altar of Vehumet.
  3885 | D:4      | Noticed Menkaure
  3895 | D:4      | Killed Menkaure
  3895 | D:4      | Reached skill level 1 in Slings
  3895 | D:4      | Reached XP level 6. HP: 48/48 MP: 6/6
  4019 | D:4      | Noticed a slave
  4020 | D:4      | Noticed a slave
  4020 | D:4      | Noticed a slave
  4021 | D:4      | Noticed Pikel
  4050 | D:4      | Killed a slave
  4084 | D:4      | Killed a slave
  4103 | D:4      | Killed a slave
  4383 | D:4      | Noticed Eustachio
  4440 | D:4      | Reached skill level 1 in Evocations
  4922 | D:5      | Entered Level 5 of the Dungeon
  5029 | D:5      | Reached XP level 7. HP: 48/54 MP: 7/7
  5036 | D:5      | Found a sparkling altar of Nemelex Xobeh.
  5572 | D:5      | Found Teutorch's Jewellery Boutique.
  5696 | D:5      | Reached skill level 1 in Staves
  5753 | D:5      | Reached XP level 8. HP: 39/61 MP: 9/9
  6090 | D:5      | Bought a +3 ring of dexterity for 188 gold pieces
  6613 | D:6      | Reached skill level 5 in Maces & Flails
  6840 | D:6      | Found a hazy altar of Hepliaklqana.
  6857 | D:6      | Identified the +2 leather armour of Marbles {+Blink rElec
                  | rN++ Slay-5}
  6936 | D:6      | Found Fiatior's Jewellery Shoppe.
  6962 | D:6      | Found a snail-covered altar of Cheibriados.
  7044 | D:6      | Reached skill level 1 in Shields
  7058 | D:6      | Reached XP level 9. HP: 20/67 MP: 10/10
  7128 | D:6      | Reached skill level 5 in Armour
  7147 | D:6      | Found Kull's Assorted Antiques.
  7309 | D:6      | Found a shadowy altar of Dithmenos.
  7318 | D:6      | Found Diwukk's General Store.
  7362 | D:6      | Found Cunlan's Magic Scroll Shoppe.
  7364 | D:6      | Found Beefynal's Weapon Shoppe.
  7749 | D:4      | Killed Eustachio
  7749 | D:4      | Reached skill level 5 in Fighting
  7749 | D:4      | Reached skill level 6 in Maces & Flails
  7763 | D:4      | Found a runed translucent gate.
  7764 | D:4      | Found a runed translucent gate.
  7764 | D:4      | Found a runed translucent gate.
  7765 | D:4      | Noticed jpaulson's ghost (amateur GrEE)
  7798 | D:4      | Killed Pikel
  7852 | D:4      | Found a staircase to the Ecumenical Temple.
  8061 | D:4      | Found a stormy altar of Qazlal.
  8523 | D:7      | Found a bloodstained altar of Trog.
  8891 | D:7      | Noticed Joseph
  8913 | D:7      | Killed Joseph
  8913 | D:7      | Reached skill level 7 in Maces & Flails
  8913 | D:7      | Reached XP level 10. HP: 66/74 MP: 12/12
  8944 | D:7      | Found a blossoming altar of Fedhas.
  9010 | D:7      | Found a glowing golden altar of the Shining One.
  9340 | D:7      | Found a white marble altar of Elyvilon.
  9784 | D:7      | Found Lovvef's Antique Weapon Boutique.
  9795 | D:7      | Noticed a +0 dagger
  9797 | D:7      | Noticed a +0 hand axe
  9799 | D:7      | Found a hide-covered altar of Uskayaw.
 10140 | D:7      | Found a shattered altar of Ashenzari.
 10366 | D:8      | Found an ancient bone altar of Kikubaaqudgha.
 10700 | D:8      | Reached skill level 8 in Maces & Flails
 10736 | D:8      | Reached *** piety under Trog
 10738 | D:8      | Received a gift from Trog
 11268 | D:8      | Found a glowing silver altar of Zin.
 11473 | D:9      | Reached skill level 5 in Dodging
 11492 | D:9      | Reached XP level 11. HP: 41/81 MP: 14/14
 11642 | D:9      | Reached skill level 5 in Stealth
 11664 | D:9      | Found a staircase to the Lair.
 12405 | D:9      | Found Usuuc's Magic Scroll Shop.
 12409 | D:9      | Bought a scroll of magic mapping for 49 gold pieces
 12427 | D:9      | Reached skill level 9 in Maces & Flails
 12536 | Lair:1   | Entered Level 1 of the Lair of Beasts
 12621 | Lair:1   | Reached **** piety under Trog
 13548 | Lair:2   | Found a hole to the Spider Nest.
 13850 | Lair:2   | Mangled by a komodo dragon

Levels and vault maps discovered:
D:1:      sevenhm_arrival_forest_fort_large_3, layout_basic
D:2:      layout_basic, lemuel_doored_altar, serial_glass, glass_columns_b,
          glass_columns_b, glass_columns_c, glass_columns_a, item_on_display_a,
          item_on_display_b, feat_on_display, due_unseen_surprise, uniq_jessica
D:3:      layout_loops_corners, lemuel_coloured_pillars_altar,
          minmay_misc_feat_rugged
D:4:      layout_basic, minmay_temple_entry_glassed_door, gammafunk_ghost_split,
          grunt_qazlal_sundering, uniq_pikel, uniq_eustachio, uniq_menkaure
D:5:      cheibrodos_helix_gallery, layout_loops_ring, lemuel_crystal_altar,
          first_ration, serial_shops, nicolae_shop_behind_doors
D:6:      layout_rooms, grunt_dithmenos_smoke_and_mirrors,
          kennysheep_little_box, serial_shops, shop, shop,
          nicolae_shop_behind_doors, nicolae_shop_overgrown_old_shop,
          shop_fountains, kennysheep_slug_shrine
D:7:      black_bear_nest_1, layout_basic, marbit_many_paths, fedhas_altar_2,
          kennysheep_mini_moat, kennysheep_mini, dancing_weapons_uskayaw,
          serial_shops, shop, nicolae_tso_swordbearing_angel, uniq_joseph
D:8:      kennysheep_seaside_town, layout_rooms, zin_scriptorium,
          kiku_gazebo_pond_becter
D:9:      layout_basic, erik_lair_orcish_takeover, serial_shops, shop
Lair:1:   layout_roguey, serial_bayou_pond_a
Lair:2:   layout_hall_layers, elwin_shoals_entry_rocks,
          nicolae_spider_entry_non_spiders

Skill      XL: |  1  2  3  4  5  6  7  8  9 10 11 |
---------------+----------------------------------+-----
Stealth        | 1 2 3 4 5 |  5.6
Throwing       | 1 3 |  3.1
Maces & Flails | 4 5 7 8 9 |  9.9
Slings         | 1 2 3 4 |  4.2
Armour         | 3 4 5 6 |  6.7
Fighting       | 4 5 6 |  6.7
Evocations     | 1 2 3 4 |  4.8
Dodging        | 3 4 5 |  5.5
Staves         | 1 3 |  3.6
Shields        | 1 2 3 4 |  4.5

Action                   |  1- 3 |  4- 6 |  7- 9 | 10-12 || total
-------------------------+-------+-------+-------+-------++-------
Melee: Mace              |    79 |   291 |       |       ||   370
       Quarterstaff      |       |     6 |    92 |       ||    98
       Morningstar       |       |       |   220 |   538 ||   758
 Fire: Hunting sling     |       |    17 |    14 |    52 ||    83
Throw: Stone             |       |       |     5 |       ||     5
       Boomerang         |       |       |       |    32 ||    32
Invok: Berserk           |     2 |     4 |     7 |       ||    13
       Trog's Hand       |       |     9 |    11 |     9 ||    29
Evoke: Wand              |       |       |     7 |     1 ||     8
  Use: Scroll            |       |     4 |     7 |     7 ||    18
       Potion            |       |     4 |     3 |     5 ||    12
 Stab: Sleeping          |     1 |       |       |       ||     1
  Eat: Chunk             |     2 |     6 |    15 |     7 ||    30
       Ration            |       |     4 |     3 |     3 ||    10
Armor: Animal skin       |    20 |     3 |       |       ||    23
       Ring mail         |       |    31 |       |       ||    31
       Plate armour      |       |   194 |   248 |   317 ||   759
Dodge: Dodged            |    59 |   136 |   109 |   232 ||   536
Block: Buckler           |       |       |    65 |   243 ||   308
